 Dungeon Crawl Stone Soup version 0.32-a0-612-g1c984fe9d1 (webtiles) character file.

Game seed: 2873854382212184402

4188 cforsyth the Purveyor of Pain (level 10, -9/91 HPs)
             Began as a Mountain Dwarf Necromancer on Mar 4, 2024.
             Was an Initiate of Kikubaaqudgha.
             Mangled by a boulder beetle (19 damage)
             ... on level 8 of the Dungeon.
             The game lasted 00:20:05 (11384 turns).

cforsyth the Purveyor of Pain (MDNe)               Turns: 11384, Time: 00:20:06

Health: -9/91      AC:  9    Str: 15    XL:     10   Next: 8%
Magic:  12/12      EV:  7    Int: 16    God:    Kikubaaqudgha [......]
Gold:   147        SH:  0    Dex: 10    Spells: 7/12 levels left

rFire   . . .        y - +2 broad axe (flame)
rCold   . . .        (no shield)
rNeg    . . .        r - +0 chain mail
rPois   +            (no helmet)
rElec   .            (no cloak)
rCorr   .            (no gloves)
SInv    +            (no boots)
Will    +....        e - amulet of the acrobat Stlth
                     v - ring of see invisible
HPRegen 0.35/turn    P - ring of poison resistance
MPRegen 0.13/turn

%: acrobat
@: mighty
A: runic magic, artefact enchanting
a: Renounce Religion


You were on level 8 of the Dungeon.
You worshipped Kikubaaqudgha.
Kikubaaqudgha was noncommittal.
You visited 2 branches of the dungeon, and saw 10 of its levels.

You collected 396 gold pieces.
You spent 249 gold pieces at shops.


Innate Abilities, Weirdness & Mutations

Your spellcasting is much less encumbered by armour.
You can use scrolls of enchantment on lesser artefacts.


   Skills:
 + Level 9.4 Fighting
 + Level 7.8 Axes
 + Level 4.6 Armour
 - Level 1.3 Dodging
 - Level 1.4 Stealth
 - Level 1.7 Spellcasting
 + Level 10.5 Necromancy


You had 7 spell levels left.
You knew the following spells:

 Your Spells              Type           Power      Damage    Failure   Level
a - Animate Dead          Necr           35%        N/A       5%          4
X - Necrotise             Necr           100%       1d9       1%          1

Your spell library contained the following spells:

 Spells                   Type           Power      Damage    Failure   Level
 Vampiric Draining        Necr           35%        2d8       1%          3
 Curse of Agony           Necr           35%        N/A       14%         5
 Apportation              Tloc           2%         N/A       36%         1
 Sting                    Conj/Alch      4%         1d3       36%         1
 Summon Small Mammal      Summ           4%         N/A       36%         1
 Mercury Vapours          Alch/Air       2%         N/A       52%         2
 Scorch                   Fire           2%         2d5       52%         2
 Call Canine Familiar     Summ           1%         N/A       75%         3
 Hailstorm                Conj/Ice       1%         3d5       75%         3
 Mephitic Cloud           Conj/Alch/Air  1%         N/A       75%         3
 Summon Ice Beast         Ice/Summ       1%         N/A       75%         3
 Flame Wave               Conj/Fire      1%         2d4       98%         4
 Summon Blazeheart Golem  Fire/Summ      1%         N/A       98%         4
 Freezing Cloud           Conj/Ice/Air   0%         6-21      100%        5
 Sculpt Simulacrum        Ice/Alch       0%         N/A       100%        6
 Summon Cactus Giant      Summ           0%         N/A       100%        6

Inventory:

Hand Weapons
 y - a +2 broad axe of flaming (weapon)
Armour
 m - +0 ice dragon scales
 r - a +0 chain mail (worn)
Magical Staves
 x - a staff of death {!a}
 A - a staff of conjuration {!a}
Jewellery
 e - an amulet of the acrobat (around neck)
 v - a ring of see invisible (left hand)
 C - a ring of ice
 P - a ring of poison resistance (right hand)
Wands
 k - a wand of polymorph (8)
 n - a wand of flame (3)
 J - a wand of mindburst (4)
Scrolls
 a - 2 scrolls of enchant armour {unknown}
 c - a scroll of revelation {unknown}
 d - a scroll of torment {unknown}
 h - a scroll of enchant weapon {unknown}
 o - a scroll of fog {unknown}
 p - a scroll of fear {unknown}
 u - 2 scrolls of teleportation {@r2}
 w - a scroll of immolation {unknown}
 B - 2 scrolls of poison {unknown}
 F - a scroll of acquirement {unknown}
 G - a scroll of amnesia {unknown}
 H - a scroll of blinking {unknown}
 I - a scroll of silence {unknown}
Potions
 b - 2 potions of magic
 f - 3 potions of haste {@q3}
 g - 2 potions of invisibility
 i - a potion of might
 l - a potion of lignification {unknown}
 q - 2 potions of curing {@q1}
 s - a potion of berserk rage {unknown}
 t - 2 potions of ambrosia
 z - a potion of degeneration {unknown}
 D - a potion of enlightenment {unknown}
 E - a potion of attraction
 K - a potion of mutation {unknown}

Dungeon Overview and Level Annotations

Branches:
Dungeon (9/15)             Temple (1/1) D:7
   Lair: D:8-11         Orc: D:9-12

Altars:
Ashenzari
Cheibriados
Dithmenos
Elyvilon
Fedhas
Gozag
Hepliaklqana
Kikubaaqudgha
Makhleb
Okawaru
Qazlal
Ru
Sif Muna
Trog
Uskayaw
Vehumet
Wu Jian
Yredelemnul
Zin
The Shining One

Shops:
D:5 [   D:6 (   D:7 [

Annotations:
D:9 Gastronok

#.#....#................###..###
#.#..#....#####.........).....Z.
#.##...#### #..)..).[[###.####
#.###.## #.#.....).# #..#
#.###.# #.#.......####.###
#...(.# #.###<#.......Z...
#.########## #....#########.###
#..........####.B..## #..#
#.########.....@....########..#
#[# #####................# #.#
#.........#####..# #.#
#.......#.# #..# #.# ###...###.#
#..# #.###### #...# #Z# #..##
#.##...# ##.## #.# #.Z.Z
#....#.##########.# #Z# #Z###
####............).# #>#####Z#


You could see a boulder beetle.


Message History

The boulder beetle bites you but does no damage.
You hit the boulder beetle but do no damage.
The boulder beetle is lightly wounded.
The boulder beetle bites you!
* * * LOW HITPOINT WARNING * * *
You slash the boulder beetle! You burn the boulder beetle.
The boulder beetle is moderately wounded.
The boulder beetle bites you!
* * * LOW HITPOINT WARNING * * *
The boulder beetle barely misses you.
You slash the boulder beetle! You burn the boulder beetle.
The boulder beetle is heavily wounded.
The boulder beetle bites you!
* * * LOW HITPOINT WARNING * * *
You hit the boulder beetle but do no damage.
The boulder beetle is heavily wounded.
The boulder beetle bites you!
* * * LOW HITPOINT WARNING * * *
You feel much better. The boulder beetle bites you!
* * * LOW HITPOINT WARNING * * *
You feel much better. The boulder beetle bites you!
* * * LOW HITPOINT WARNING * * *
You feel very mighty all of a sudden. The boulder beetle bites you!
* * * LOW HITPOINT WARNING * * *
You barely miss the boulder beetle.
The boulder beetle is heavily wounded.
The boulder beetle bites you!!
You die...
Kikubaaqudgha rasps: You have failed me!
Welcome... death!

Skill      XL: |  1  2  3  4  5  6  7  8  9 |
---------------+----------------------------+-----
Fighting       | 1 2 3 4 5 6 8 9 |  9.4
Necromancy     | 5 6 7 8 9 10 | 10.5
Axes           | 3 5 7 |  7.8
Armour         | 4 |  4.6
Dodging        | |  1.3
Stealth        | |  1.4
Spellcasting   | |  1.7

Action                     |  1- 3 |  4- 6 |  7- 9 | 10-12 || total
---------------------------+-------+-------+-------+-------++-------
  Melee: Unarmed           |    20 |       |       |       ||    20
         Whip              |     1 |     3 |    35 |       ||    39
         Punch             |     1 |       |       |       ||     1
         Battleaxe         |       |       |   110 |       ||   110
         Broad axe         |       |       |   168 |    23 ||   191
   Cast: Necrotise         |    82 |    96 |    90 |     8 ||   276
         Animate Dead      |       |       |     6 |       ||     6
  Evoke: Wand              |       |       |     8 |     3 ||    11
    Use: Scroll            |       |     4 |     3 |       ||     7
         Potion            |       |     1 |     1 |     3 ||     5
   Stab: Distracted        |       |       |     1 |       ||     1
 Armour: Robe              |    13 |       |       |       ||    13
         Scale mail        |     4 |    13 |       |       ||    17
         Chain mail        |       |    13 |   404 |    34 ||   451
  Dodge: Dodged            |    23 |    18 |   157 |     9 ||   207

Levels and vault maps discovered:
D:1:      lightli_iron_boxes, layout_basic
D:2:      minmay_door_path, layout_basic, basic_altar
D:3:      layout_rooms, kennysheep_generic_room_8
D:4:      layout_loops_ring, mainiacjoe_overflow_24_doors, uniq_blork_the_orc,
          uniq_sigmund
D:5:      layout_loops_corners, serial_shops, nicolae_shop_peninsula
D:6:      layout_loops_cross, overflow_temple_1_default,
          mainiacjoe_overflow_six_doors_small, serial_undead, serial_undead_a,
          serial_undead_d, serial_undead_d, serial_undead_d, serial_undead_e,
          serial_undead_e, serial_undead_c, serial_undead_b,
          doesnt_shop_hydraphobe
D:7:      layout_loops_corners, gammafunk_temple_overflow_elements,
          nicolae_hepliaklqana_hippocampus, minmay_temple_entry_junction,
          serial_shops, nicolae_shop_hallway_plus, nicolae_sextant,
          glass_columns_c
D:8:      layout_loops_ring
D:9:      layout_rooms, nemelex_diamond_rough_becter, led_xom_imps,
          uniq_gastronok
Temple:   eino_narrow_crystal_temple

Notes
Turn   | Place    | Note
-------+----------+-------------------------------------------
     0 | D:1      | cforsyth the Mountain Dwarf Necromancer began the quest for
                  | the Orb.
     0 | D:1      | Reached XP level 1. HP: 14/14 MP: 3/3
   155 | D:1      | Reached skill level 1 in Fighting
   279 | D:1      | Reached XP level 2. HP: 23/23 MP: 4/4
   954 | D:1      | Reached skill level 2 in Fighting
   963 | D:1      | Reached XP level 3. HP: 28/29 MP: 1/5
   966 | D:1      | Reached skill level 5 in Necromancy
  1083 | D:2      | Found a broken altar of Ashenzari.
  2474 | D:3      | Reached XP level 4. HP: 37/37 MP: 3/6
  2607 | D:3      | Reached skill level 3 in Fighting
  2731 | D:3      | Reached XP level 5. HP: 19/45 MP: 0/7
  3244 | D:4      | Reached skill level 6 in Necromancy
  3375 | D:3      | Reached skill level 4 in Fighting
  3767 | D:4      | Reached XP level 6. HP: 29/53 MP: 0/8
  3873 | D:4      | Found a blossoming altar of Fedhas.
  4208 | D:4      | Noticed Sigmund
  4215 | D:4      | Killed Sigmund
  4216 | D:4      | Reached skill level 5 in Fighting
  4216 | D:4      | Reached skill level 7 in Necromancy
  4329 | D:4      | Noticed Blork the orc
  4336 | D:4      | Killed Blork the orc
  4337 | D:4      | Reached XP level 7. HP: 33/61 MP: 1/9
  4655 | D:5      | Entered Level 5 of the Dungeon
  4914 | D:5      | Found Vaffegex's Armour Shoppe.
  5025 | D:5      | Reached skill level 6 in Fighting
  5237 | D:5      | Reached skill level 1 in Axes
  5804 | D:5      | Reached skill level 2 in Axes
  5972 | D:5      | Reached skill level 8 in Necromancy
  6303 | D:6      | Found a glowing golden altar of the Shining One.
  6376 | D:6      | Reached skill level 3 in Axes
  6376 | D:6      | Reached XP level 8. HP: 60/71 MP: 10/10
  6797 | D:6      | Reached skill level 7 in Fighting
  6950 | D:6      | Reached skill level 4 in Axes
  7036 | D:6      | Found a hide-covered altar of Uskayaw.
  7036 | D:6      | You fall into a shaft and drop 1 floor!
  7185 | D:7      | Found a hazy altar of Hepliaklqana.
  7730 | D:6      | Found Dilu's Hydra Hut.
  7735 | D:6      | Noticed a four-headed hydra
  7738 | D:6      | Bought a +2 broad axe of flaming for 249 gold pieces
  7760 | D:6      | Reached skill level 5 in Axes
  7760 | D:6      | Reached skill level 9 in Necromancy
  7964 | D:6      | Reached skill level 8 in Fighting
  8232 | D:6      | Learned a level 4 spell: Animate Dead
  8296 | D:7      | Reached XP level 9. HP: 44/81 MP: 5/11
  8692 | D:6      | Reached skill level 1 in Armour
  8845 | D:7      | Found Asses's Antique Armour Shop.
  8889 | D:7      | Reached skill level 6 in Axes
  9038 | D:7      | Reached skill level 2 in Armour
  9122 | D:7      | Found a staircase to the Ecumenical Temple.
  9216 | Temple   | Entered the Ecumenical Temple
  9231 | Temple   | Became a worshipper of Kikubaaqudgha
  9485 | D:7      | Found a snail-covered altar of Cheibriados.
  9485 | D:7      | Found a glowing silver altar of Zin.
  9876 | D:7      | Reached skill level 3 in Armour
 10060 | D:8      | Reached skill level 7 in Axes
 10060 | D:8      | Reached skill level 10 in Necromancy
 10335 | D:8      | Reached skill level 9 in Fighting
 10752 | D:8      | Reached skill level 4 in Armour
 10887 | D:9      | Noticed Gastronok
 10897 | D:9      | Reached XP level 10. HP: 51/91 MP: 12/12
 11284 | D:9      | Noticed a boulder beetle
 11383 | D:8      | HP: 9/91 [boulder beetle (15)]
 11384 | D:8      | Mangled by a boulder beetle

Vanquished Creatures
  Sigmund (D:4)
  4 yaks
  A steam dragon (D:9)
  2 water moccasins
  2 ice beasts
  4 orc warriors
  3 sky beasts
  4 centaurs
  2 phantoms
  Blork the orc (D:4)
  3 bullfrogs
  A scorpion (D:5)
  3 wights
  A water moccasin zombie (D:6)
  A wyvern skeleton (D:6)
  5 bullfrog zombies (D:6)
  3 bombardier beetles
  3 jellies
  4 orc priests
  2 hounds
  4 bullfrog skeletons (D:6)
  An iguana (D:5)
  2 sleepcaps
  7 orc wizards
  2 killer bee zombies (D:6)
  2 howler monkey zombies (D:6)
  5 gnolls
  4 adders
  A shadow imp (D:6)
  A white imp (D:6)
  A dart slug (D:1)
  3 ribbon worms
  29 orcs
  An endoplasm (D:2)
  A giant cockroach (D:3)
  9 goblins
  8 hobgoblins
  5 quokkas
  6 ball pythons
  9 bats
  6 frilled lizards
  6 kobolds
  6 rats
169 creatures vanquished.

Vanquished Creatures (collateral kills)
  A gnoll bouda (D:9)
  2 gnolls (D:9)
  A ball python (D:1)
  A goblin (D:1)
  2 hobgoblins
  A rat (D:1)
8 creatures vanquished.

Vanquished Creatures (others)
  2 yak zombies (D:9)
  4 orc zombies (D:8)
6 creatures vanquished.

Grand Total: 183 creatures vanquished

Table legend: (Time is in decaauts)
 A = Elapsed time spent in this place.
 B = Non-inter-level travel time spent in this place.
 C = Inter-level travel time spent in this place.
 D = Time resting spent in this place.
 E = Time spent auto-exploring this place.
 F = Levels seen in this place.
 G = Mean time per level.
                   A        B        C        D        E       F      G
               +--------+--------+--------+--------+--------+-----+--------+
         Total |  11510 |  11102 |    408 |   1580 |   7760 |  10 | 1151.0 |
       Dungeon |  11479 |  11100 |    379 |   1580 |   7760 |   9 | 1275.4 |
        Temple |     30 |      1 |     29 |      0 |      0 |   1 |   30.0 |
               +--------+--------+--------+--------+--------+-----+--------+

Top non-repeatable levels by time:
     D:7: 1851 daAuts
     D:5: 1701 daAuts
     D:6: 1531 daAuts
     D:8: 1426 daAuts
     D:4: 1356 daAuts
     D:2: 1266 daAuts
     D:1: 1094 daAuts
     D:3: 940 daAuts
     D:9: 310 daAuts
  Temple: 30 daAuts

Table legend:
 A = Non-vault XP
 B = Vault XP
 C = Vault XP percentage of total XP
 D = Non-vault monster count
 E = Vault monster count
 F = Vault count percentage of total count
                 A         B        C        D         E       F
            +---------+---------+-------+---------+---------+-------
      Total |    4901 |    1082 |  18.1 |     156 |      21 |  11.9
            +---------+---------+-------+---------+---------+-------
        D:1 |      43 |       0 |   0.0 |      27 |       0 |   0.0
        D:2 |      43 |       6 |  12.2 |      18 |       3 |  14.3
        D:3 |     144 |       0 |   0.0 |      19 |       0 |   0.0
        D:4 |     328 |     330 |  50.2 |      14 |       2 |  12.5
        D:5 |     405 |     111 |  21.5 |       9 |       1 |  10.0
        D:6 |     597 |     635 |  51.5 |      16 |      15 |  48.4
        D:7 |    1148 |       0 |   0.0 |      18 |       0 |   0.0
        D:8 |    1258 |       0 |   0.0 |      26 |       0 |   0.0
        D:9 |     935 |       0 |   0.0 |       9 |       0 |   0.0
            +---------+---------+-------+---------+---------+-------
